 Dungeon Crawl Stone Soup version 0.24-a0-504-gcfb02b9 (webtiles) character file.

Game seed: 16428637422216601569

882 Deeps the Cleaver (level 8, 0/78 HPs)
             Began as an Ogre Fighter on July 17, 2019.
             Was a Follower of Okawaru.
             Slain by a quokka (3 damage)
             ... on level 5 of the Dungeon.
             The game lasted 00:05:59 (5031 turns).

Deeps the Cleaver (Ogre Fighter)                    Turns: 5031, Time: 00:05:59

Health: 0/78       AC:  3    Str: 23    XL:     8   Next: 5%
Magic:  8/8        EV: 10    Int:  9    God:    Okawaru [*.....]
Gold:   232        SH:  0    Dex:  8    Spells: 7/7 levels left

rFire    . . .     SeeInvis .   o - +2 hand axe (chop)
rCold    . . .     Gourm    .   (no shield)
rNeg     . . .     Faith    .   b - +0 robe
rPois    .         Spirit   .   (helmet restricted)
rElec    .         Reflect  .   (no cloak)
rCorr    .         Harm     .   (gloves unavailable)
MR       .....                  (boots unavailable)
Stlth    ++........             (no amulet)
HPRegen  0.23/turn              k - ring of stealth {Stlth+}
MPRegen  0.11/turn              (no ring)

@: no status effects
A: large, unfitting armour, tough skin 1
a: Heroism, Renounce Religion


You were on level 5 of the Dungeon.
You worshipped Okawaru.
Okawaru was aware of your devotion.
You were hungry.

You visited 2 branches of the dungeon, and saw 6 of its levels.

You collected 232 gold pieces.

Inventory:

Hand Weapons
 a - a +0 war axe
 o - a +2 hand axe of chopping (weapon)
   (You took it off an orc on level 3 of the Dungeon)
 w - a +1 dagger of electrocution
   (You found it on level 5 of the Dungeon)
Missiles
 q - a throwing net {=f, !d}
Armour
 b - a +0 robe (worn)
Jewellery
 k - a ring of stealth (left hand) {Stlth+}
   (You found it on level 2 of the Dungeon)
Wands
 r - a wand of paralysis (3)
   (You found it on level 3 of the Dungeon)
Scrolls
 c - 7 scrolls of identify {unknown}
 e - 3 scrolls of remove curse {unknown}
 g - 4 scrolls of magic mapping {unknown}
 h - 2 scrolls of enchant armour {unknown}
 i - 3 scrolls of teleportation {unknown}
 j - a scroll of random uselessness {unknown}
 x - a scroll of amnesia {unknown}
Potions
 d - a potion of might
 l - 2 potions of agility {unknown}
 m - a potion of lignification {unknown}
 n - a potion of berserk rage {unknown}
 p - a potion of invisibility {unknown}
 s - a potion of cancellation {unknown}
 u - a potion of ambrosia {unknown}
 v - 2 potions of degeneration {unknown}
Comestibles
 f - 6 rations


   Skills:
 - Level 4.0 Fighting
 + Level 9.1 Axes
 - Level 2.6 Dodging
   Level 2.6 Shields


You had 7 spell levels left.
You didn't know any spells.
Your spell library was empty.

Dungeon Overview and Level Annotations

Branches:
Dungeon (5/15)             Temple (1/1) D:4

Altars:
Ashenzari
Cheibriados
Dithmenos
Elyvilon
Fedhas
Gozag
Hepliaklqana
Kikubaaqudgha
Makhleb
Nemelex Xobeh
Okawaru
Qazlal
Ru
Sif Muna
Trog
Uskayaw
Vehumet
Wu Jian
Xom
Yredelemnul
Zin
The Shining One

Annotations:
D:5 Sigmund


Innate Abilities, Weirdness & Mutations

You are too large for most types of armour.
You have tough skin. (AC +1)


Message History

An iguana comes into view.
You barely miss the jackal.
The iguana hisses angrily.
The jackal barks!
The jackal closely misses you.
You hear a bark!
You hear a shout!
The jackal bites you.
You take 1 damage, and have 77/78 hp.
An orc comes into view.
You barely miss the jackal. The jackal closely misses you.
Health restored: 78 You hit the jackal but do no damage.
The jackal barely misses you.
You hit the jackal. You miss the jackal. The jackal barely misses you.
The jackal bites you but does no damage.
You barely miss the jackal. You slash the jackal!
You kill the jackal!
Okawaru accepts your kill. The jackal closely misses you.
You hit the jackal.
You kill the jackal!
Okawaru accepts your kill.
You hit the orc but do no damage. The orc hits you but does no damage.
You barely miss the jackal. You hit the orc but do no damage.
The jackal bites you but does no damage.
The orc hits you but does no damage. The jackal closely misses you.
You closely miss the jackal. You hit the orc but do no damage.
The jackal bites you but does no damage.
The orc barely misses you.
You closely miss the jackal. You hit the orc but do no damage.
The jackal closely misses you.
You hit the jackal. You closely miss the orc. The orc barely misses you.
The jackal closely misses you.
You closely miss the jackal. You barely miss the orc. The jackal misses you.
The orc closely misses you.
You hit the jackal. You hit the orc but do no damage. The jackal bites you.
The orc barely misses you. The jackal bites you.
You take 3 damage, and have 75/78 hp.
You barely miss the jackal. You hit the orc. The orc barely misses you.
The jackal barely misses you.
You hit the jackal.
You kill the jackal!
Okawaru accepts your kill.
You hit the orc but do no damage. The orc barely misses you. The orc hits you.
You take 2 damage, and have 73/78 hp.
You hit the orc. The orc hits you.
You take 2 damage, and have 71/78 hp.
You closely miss the orc.
Sigmund shouts!
You hit the orc.
You kill the orc!
Okawaru accepts your kill.
Sigmund hits you from afar with a +0 scythe.
You take 2 damage, and have 70/78 hp.
The iguana bites you! Sigmund barely misses you.
You see here a +0 scale mail.
You take 10 damage, and have 60/78 hp.
You hit the iguana but do no damage. The iguana bites you!
A quokka comes into view.
You take 14 damage, and have 46/78 hp.
Sigmund laughs darkly.
The iguana bites you!
Sigmund hits you from afar with a +0 scythe!
You take 13 damage, and have 33/78 hp.
You hit the iguana. You miss the quokka. The iguana bites you.
The quokka bites you.
You take 9 damage, and have 24/78 hp.
You hit the iguana. You miss the quokka. Sigmund closely misses you.
The quokka bites you but does no damage.
The iguana bites you!
* * * LOW HITPOINT WARNING * * *
You take 11 damage, and have 13/78 hp.
Unknown command.
The quokka barely misses you.
Sigmund gestures wildly while chanting.
Sigmund flickers and vanishes!
Deactivating autopickup; reactivate with Ctrl-A.
The quokka bites you.
* * * LOW HITPOINT WARNING * * *
You see here a ration.
You take 3 damage, and have 11/78 hp.
Unknown command.
It was a potion of curing.
You feel better. The quokka bites you.
* * * LOW HITPOINT WARNING * * *
The iguana bites you but does no damage.
You regained 3 hp, and now have 14/78 hp.
The quokka bites you.
* * * LOW HITPOINT WARNING * * *
You take 2 damage, and have 12/78 hp.
You feel better. The iguana bites you!
* * * LOW HITPOINT WARNING * * *
The quokka closely misses you. Something hits you.
* * * LOW HITPOINT WARNING * * *
You take 5 damage, and have 7/78 hp.
The quokka bites you.
* * * LOW HITPOINT WARNING * * *
You take 1 damage, and have 6/78 hp.
You feel better. The iguana bites you!
* * * LOW HITPOINT WARNING * * *
The quokka bites you.
You die...

.......... .....###.#...
.....###.#... ##. # ##..>........
... . ####........#######.##..
..##..#####............. ##
#.....[...#..........#.. #.
#.#.#.###.#............. #.
....#.#.....%..r@....... #.
#.#...#.#......l..........######.
#.#...#.#......####+####......##.
......# #......# # #......##.
#.#...# #......####.# #......##.
#.#...# #######...#.####......##.
#.....# #...............#..
###...# #...............#..
#...#.#######................<.


You could see an iguana and a quokka.

Vanquished Creatures
  3 sky beasts (D:5)
  2 ogres (D:4)
  A scorpion (D:4)
  A howler monkey (D:4)
  A crimson imp (D:5)
  An orc priest (D:4)
  2 orc wizards (D:4)
  2 worker ants
  2 hound skeletons (D:4)
  6 adders
  A shadow imp (D:5)
  An ooze (D:4)
  3 worms
  A dart slug (D:2)
  A leopard gecko (D:4)
  8 orcs
  4 ball pythons
  6 bats
  5 goblins
  6 hobgoblins
  4 jackals (D:5)
  2 quokkas (D:2)
  3 frilled lizards
  5 kobolds
  A quokka skeleton (D:4)
  7 rats
79 creatures vanquished.

Vanquished Creatures (others)
  An orc wizard (D:4)
1 creature vanquished.

Grand Total: 80 creatures vanquished

Notes
Turn   | Place    | Note
-------+----------+-------------------------------------------
     0 | D:1      | Deeps the Ogre Fighter began the quest for the Orb.
     0 | D:1      | Reached XP level 1. HP: 24/24 MP: 1/1
   125 | D:1      | Reached XP level 2. HP: 30/32 MP: 2/2
   529 | D:1      | Reached skill level 3 in Axes
  1105 | D:2      | Reached XP level 3. HP: 27/39 MP: 3/3
  1333 | D:2      | HP: 9/39 [adder (3)]
  1336 | D:2      | Reached skill level 4 in Axes
  1341 | D:2      | HP: 7/39 [poisoned by an adder]
  1349 | D:2      | HP: 6/39 [poisoned by an adder]
  1815 | D:2      | Reached XP level 4. HP: 43/48 MP: 4/4
  2400 | D:3      | Found a hide-covered altar of Uskayaw.
  2619 | D:3      | Found a shattered altar of Ashenzari.
  2991 | D:4      | Reached skill level 5 in Axes
  2991 | D:4      | Reached XP level 5. HP: 28/54 MP: 5/5
  3374 | D:4      | Reached skill level 6 in Axes
  3382 | D:4      | Reached XP level 6. HP: 26/62 MP: 6/6
  3387 | D:4      | HP: 10/62 [orc wizard/+0 dagger (6)]
  3831 | D:4      | Reached skill level 7 in Axes
  3839 | D:4      | Found a staircase to the Ecumenical Temple.
  3847 | D:4      | Reached XP level 7. HP: 55/70 MP: 7/7
  3855 | Temple   | Entered the Ecumenical Temple
  3887 | Temple   | Became a worshipper of Warmaster Okawaru
  4360 | D:5      | Entered Level 5 of the Dungeon
  4400 | D:5      | Reached skill level 8 in Axes
  4720 | D:5      | Reached * piety under Okawaru
  4884 | D:5      | Reached skill level 9 in Axes
  4884 | D:5      | Reached XP level 8. HP: 73/78 MP: 8/8
  4976 | D:5      | Noticed Sigmund
  5022 | D:5      | HP: 13/78 [iguana (11)]
  5027 | D:5      | HP: 10/78 [iguana (10)]
  5031 | D:5      | HP: 3/78 [iguana (9)]
  5031 | D:5      | Slain by a quokka

Levels and vault maps discovered:
D:1:      giann_horns, layout_loops_corners, kennysheep_boxes
D:2:      layout_loops_corners
D:3:      layout_loops_corners, lemuel_round_altar, grunt_ministairs_1,
          ashenzari_altar_1
D:4:      layout_loops_corners, minmay_temple_entry_statues_pillars
D:5:      cheibrodos_barr_body, layout_basic, first_ration, uniq_sigmund
Temple:   dpeg_three_leaves_temple

Skill      XL: |  1  2  3  4  5  6  7 |
---------------+----------------------+-----
Axes           | 3 4 5 6 7 9 |  9.1
Fighting       | |  4.0
Dodging        | |  2.6
Shields        | |  2.6

Action                   |  1- 3 |  4- 6 |  7- 9 || total
-------------------------+-------+-------+-------++-------
Melee: War axe           |   101 |    27 |       ||   128
       Hand axe          |       |    90 |    94 ||   184
Evoke: Wand              |       |     2 |     1 ||     3
  Use: Potion            |       |       |     3 ||     3
 Stab: Sleeping          |     2 |     1 |     4 ||     7
       Distracted        |       |     1 |       ||     1
       Paralysed         |       |     8 |       ||     8
  Eat: Chunk             |     2 |     4 |     3 ||     9
       Ration            |       |     1 |       ||     1
Armor: Robe              |    46 |    18 |    17 ||    81
Dodge: Dodged            |    78 |    48 |    48 ||   174

Table legend:
 A = Non-vault XP
 B = Vault XP
 C = Vault XP percentage of total XP
 D = Non-vault monster count
 E = Vault monster count
 F = Vault count percentage of total count
                 A         B        C        D         E       F
            +---------+---------+-------+---------+---------+-------
      Total |    1110 |     151 |  12.0 |      76 |       4 |   5.0
            +---------+---------+-------+---------+---------+-------
        D:1 |      25 |       0 |   0.0 |      16 |       0 |   0.0
        D:2 |      57 |       0 |   0.0 |      17 |       0 |   0.0
        D:3 |      24 |      14 |  36.8 |      11 |       2 |  15.4
        D:4 |     640 |       0 |   0.0 |      21 |       0 |   0.0
        D:5 |     364 |     137 |  27.3 |      11 |       2 |  15.4
            +---------+---------+-------+---------+---------+-------

Levels and vault maps discovered:
D:1:      giann_horns, layout_loops_corners, kennysheep_boxes
D:2:      layout_loops_corners
D:3:      layout_loops_corners, lemuel_round_altar, grunt_ministairs_1,
          ashenzari_altar_1
D:4:      layout_loops_corners, minmay_temple_entry_statues_pillars
D:5:      cheibrodos_barr_body, layout_basic, first_ration, uniq_sigmund
Temple:   dpeg_three_leaves_temple

Table legend:
 A = Turns spent in this place as a percentage of turns spent in the entire game.
 B = Non-inter-level travel turns spent in this place as a percentage of non-inter-level travel turns spent in the entire game.
 C = Inter-level travel turns spent in this place as a percentage of turns spent in this place.
 D = Turns resting spent in this place as a percentage of non-inter-level travel turns spent in this place.
 E = Turns spent auto-exploring this place as a percentage of non-inter-level travel turns spent in this place.
 F = Non-inter-level travel turns spent in this place divided by the number of levels of this place that you've seen.
                   A       B       C       D       E      F
               +-------+-------+-------+-------+-------+----------------------
         Total | 100.0 | 100.0 |   2.1 |  25.0 |  60.8 | 821.0
       Dungeon |  98.2 |  98.4 |   1.9 |  25.4 |  60.9 | 969.2
        Temple |   1.8 |   1.6 |  10.1 |   0.0 |  58.8 |  80.0
               +-------+-------+-------+-------+-------+----------------------

Table legend:
 A = Kills in this place as a percentage of kills in entire the game.
 B = Kills by you in this place as a percentage of kills by you in the entire game.
 C = Kills by friends in this place as a percentage of kills by friends in the entire game.
 D = Other kills in this place as a percentage of other kills in the entire game.
 E = Experience gained in this place as a percentage of experience gained in the entire game.
 F = Experience gained in this place divided by the number of levels of this place that you have seen.
                   A       B       C       D       E      F
               +-------+-------+-------+-------+-------+----------------------
         Total | 100.0 | 100.0 |   N/A | 100.0 | 100.0 | 210.2
       Dungeon | 100.0 | 100.0 |   N/A | 100.0 | 100.0 | 252.2
               +-------+-------+-------+-------+-------+----------------------
